[Event "2nd Goa GM Open 2019"]
[Site "Goa"]
[Date "2019.06.21"]
[Round "5.4"]
[White "Deepan Chakkravarthy J."]
[Black "Iniyan, P."]
[Result "1/2-1/2"]
[ECO "B90"]
[WhiteElo "2557"]
[BlackElo "2525"]
[Annotator "ChessBase"]
[PlyCount "72"]
[EventDate "2019.06.17"]
[EventType "swiss"]
[EventCountry "IND"]
[SourceTitle "playchess.com"]
[Source "ChessBase"]
[SourceQuality "1"]
[TimeControl "5400+30"]

1. e4 c5 2. Nf3 d6 3. d4 cxd4 4. Nxd4 Nf6 5. Nc3 a6 6. Bd3 e6 7. g4 b5 8. g5 Nfd7 9. h4 Bb7 10. a3 Nb6 11. Nb3 Nc6 12. f4 d5 13. Qe2 b4 14. axb4 Nxb4 15. Be3 Rc8 16. O-O-O Rxc3 17. bxc3 Na2+ 18. Kd2 dxe4 19. Bxb6 Qxb6 20. Bxe4 Bb4 21. Bxb7 Bxc3+ 22. Kd3 Qxb7 23. Qe4 Nb4+ 24. Ke3 Qb6+ 25. Kf3 O-O 26. h5 Nd5 27. Nd4 Bxd4 28. Qxd4 Qc6 29. h6 Nc3+ 30. Kg4 e5 31. Qxe5 f6 32. Qe7 Qg2+ 33. Kh4 Qf2+ 34. Kg4 f5+ 35. Kh3 Qf3+ 36. Kh2 Qf2+ 1/2-1/2

[Event "2nd Goa GM Open 2019"]
[Site "Goa"]
[Date "2019.06.21"]
[Round "5.5"]
[White "Malakhatko, Vadim"]
[Black "Viani Antonio Dcunha"]
[Result "1/2-1/2"]
[ECO "E97"]
[WhiteElo "2505"]
[BlackElo "2362"]
[Annotator "ChessBase"]
[PlyCount "61"]
[EventDate "2019.06.17"]
[EventType "swiss"]
[EventCountry "IND"]
[SourceTitle "playchess.com"]
[Source "ChessBase"]
[SourceQuality "1"]
[TimeControl "5400+30"]

1. d4 Nf6 2. c4 g6 3. Nc3 Bg7 4. e4 d6 5. Nf3 O-O 6. Be2 e5 7. O-O Nc6 8. d5 Ne7 9. a4 a5 10. Ne1 Nd7 11. Nd3 f5 12. f3 Kh8 13. Nb5 Nf6 14. Nf2 Ne8 15. b3 c5 16. exf5 gxf5 17. f4 Ng6 18. Ra2 Nc7 19. Nxc7 Qxc7 20. Bh5 e4 21. Bxg6 hxg6 22. Bb2 Bxb2 23. Rxb2 Qg7 24. Re2 Bd7 25. Re3 Qd4 26. Qc1 Kg7 27. Rd1 Qf6 28. Nh3 Rh8 29. Ng5 Rh4 30. g3 Rh5 31. Qa1 1/2-1/2

[Event "2nd Goa GM Open 2019"]
[Site "Goa"]
[Date "2019.06.21"]
[Round "5.8"]
[White "Manik, Mikulas"]
[Black "Gupta, Abhijeet"]
[Result "0-1"]
[ECO "C11"]
[WhiteElo "2399"]
[BlackElo "2606"]
[Annotator "RC"]
[PlyCount "54"]
[EventDate "2019.06.17"]
[EventType "swiss"]
[EventCountry "IND"]
[SourceTitle "playchess.com"]
[Source "ChessBase"]
[SourceQuality "1"]
[TimeControl "5400+30"]

1. e4 e6 2. d4 d5 3. Nc3 Nf6 4. e5 Nfd7 5. f4 c5 6. Nf3 Nc6 7. Be3 Be7 8. Qd2 O-O 9. dxc5 Qa5 10. O-O-O b6 11. Bb5 Nb4 12. a3 bxc5 13. Bxd7 Bxd7 14. axb4 cxb4 15. Nb1 Rfc8 16. Nd4 Qa2 17. Qd3 a5 18. b3 Rc3 19. Qe2 a4 20. bxa4 Rac8 21. Rd3 R3c4 22. c3 Qxa4 23. Nc2 Bb5 24. Qd2 R4c7 25. Bd4 b3 26. Ne3 b2+ 27. Kxb2 Rb7 0-1

[Event "2nd Goa GM Open 2019"]
[Site "Goa"]
[Date "2019.06.21"]
[Round "5.9"]
[White "Idani, Pouya"]
[Black "Rahul Srivatshav P"]
[Result "0-1"]
[ECO "E65"]
[WhiteElo "2597"]
[BlackElo "2395"]
[Annotator "RC"]
[PlyCount "168"]
[EventDate "2019.06.17"]
[EventType "swiss"]
[EventCountry "IND"]
[SourceTitle "playchess.com"]
[Source "ChessBase"]
[SourceQuality "1"]
[TimeControl "5400+30"]

1. d4 Nf6 2. c4 g6 3. g3 Bg7 4. Bg2 O-O 5. Nc3 d6 6. Nf3 c5 7. O-O Nc6 8. dxc5 dxc5 9. Be3 Qa5 10. Qa4 Qxa4 11. Nxa4 b6 12. Rad1 Bf5 13. Nc3 Rac8 14. Nh4 Be6 15. Nd5 Rfd8 16. Rd2 Bxd5 17. cxd5 Nb4 18. Bg5 h6 19. Bxf6 Bxf6 20. a3 Nc6 21. f4 e6 22. e4 exd5 23. exd5 Bxh4 24. gxh4 Nd4 25. h5 gxh5 26. Kf2 Rd6 27. Re1 Rf6 28. Re4 Rd8 29. Ke3 Nf5+ 30. Kf3 Nd4+ 31. Ke3 Nf5+ 32. Kf3 Kh7 33. Re5 Rg8 34. Rxf5 Rxf5 35. d6 Rf6 36. Bh3 Rd8 37. d7 Kg7 38. Ke4 Kf8 39. Kd5 c4 40. Re2 b5 41. Kc5 a6 42. Re4 Rg6 43. Re1 Rf6 44. Re4 Rg6 45. Re2 Rf6 46. Re5 h4 47. Re4 Rg6 48. Re1 Rf6 49. Re2 Rg6 50. Re4 Rf6 51. a4 bxa4 52. Re2 a3 53. bxa3 c3 54. Rc2 Ke7 55. Rxc3 Rxd7 56. Bxd7 Kxd7 57. Rb3 Rxf4 58. Rb7+ Ke8 59. Rb6 Ra4 60. Rxh6 Kf8 61. Kd6 Kg7 62. Rh5 Kg6 63. Rh8 Kg7 64. Rh5 Kg6 65. Rh8 Kg5 66. Ke5 Ra5+ 67. Ke4 f5+ 68. Kf3 Rxa3+ 69. Kf2 Kg4 70. Rg8+ Kf4 71. Rc8 Ra2+ 72. Kf1 Rxh2 73. Rc4+ Kf3 74. Rc3+ Kg4 75. Ra3 f4 76. Rxa6 Rb2 77. Rg6+ Kf3 78. Kg1 Rb1+ 79. Kh2 Ke2 80. Re6+ Kf2 81. Ra6 f3 82. Ra2+ Kf1 83. Ra4 f2 84. Re4 Re1 0-1

[Event "2nd Goa GM Open 2019"]
[Site "Goa"]
[Date "2019.06.21"]
[Round "5.10"]
[White "Nitin, S.."]
[Black "Aleksandrov, Aleksej"]
[Result "1/2-1/2"]
[ECO "C77"]
[WhiteElo "2398"]
[BlackElo "2588"]
[Annotator "ChessBase"]
[PlyCount "95"]
[EventDate "2019.06.17"]
[EventType "swiss"]
[EventCountry "IND"]
[SourceTitle "playchess.com"]
[Source "ChessBase"]
[SourceQuality "1"]
[TimeControl "5400+30"]

1. e4 e5 2. Nf3 Nc6 3. Bb5 a6 4. Ba4 Nf6 5. Qe2 Bc5 6. c3 O-O 7. O-O b5 8. Bc2 Re8 9. d3 h6 10. h3 d5 11. Nbd2 Bf8 12. Rd1 g6 13. Nf1 Rb8 14. Ng3 Bg7 15. Be3 d4 16. Bd2 Nd7 17. Rac1 Nb6 18. Bb3 Be6 19. cxd4 Bxb3 20. axb3 Nxd4 21. Nxd4 exd4 22. Rc6 Qd7 23. Rdc1 Rbc8 24. Qg4 Re6 25. Rxe6 Qxe6 26. Qxe6 fxe6 27. Rc6 Kf7 28. f4 Nd7 29. Ba5 Bf8 30. Ne2 e5 31. Rxc7 Rxc7 32. Bxc7 exf4 33. Bxf4 g5 34. Bc7 Bb4 35. Kf1 Nc5 36. Nxd4 Nxd3 37. Nc6 Bf8 38. Ne5+ Nxe5 39. Bxe5 Ke6 40. Bd4 h5 41. g4 hxg4 42. hxg4 Be7 43. Ke2 Bd8 44. Kd3 Bc7 45. Kc3 Ba5+ 46. Kd3 Bc7 47. Be3 Bd8 48. Bd4 {[%emt 0:00:05] Ke5} 1/2-1/2

[Event "2nd Goa GM Open 2019"]
[Site "Goa"]
[Date "2019.06.21"]
[Round "5.11"]
[White "Stupak, Kirill"]
[Black "Koustav Chatterjee"]
[Result "1-0"]
[ECO "D30"]
[WhiteElo "2584"]
[BlackElo "2404"]
[Annotator "RC"]
[PlyCount "89"]
[EventDate "2019.06.17"]
[EventType "swiss"]
[EventCountry "IND"]
[SourceTitle "playchess.com"]
[Source "ChessBase"]
[SourceQuality "1"]
[TimeControl "5400+30"]

1. d4 Nf6 2. c4 e6 3. Nf3 d5 4. Bg5 Bb4+ 5. Nbd2 dxc4 6. e3 b5 7. a3 Ba5 8. Be2 Bb7 9. O-O O-O 10. b3 c3 11. b4 cxd2 12. bxa5 Qd5 13. Bxf6 gxf6 14. Qxd2 a6 15. Rfc1 Qd6 16. a4 bxa4 17. Rxa4 Nd7 18. Rac4 Rfc8 19. Qc3 c6 20. Ne1 Rc7 21. Nd3 Rac8 22. Nc5 Nxc5 23. Rxc5 Kh8 24. g3 Re7 25. Bf3 e5 26. d5 e4 27. Bg4 Rg8 28. dxc6 Rxg4 29. cxb7 Rxb7 30. Rc6 Qe5 31. Rxf6 Qxc3 32. Rxc3 Rg5 33. Rxa6 Rb1+ 34. Kg2 Rf5 35. g4 Rf3 36. Rc2 Ra1 37. Ra8+ Kg7 38. Re8 Rxa5 39. Rxe4 Rf6 40. Rcc4 Ra7 41. h3 Rg6 42. Rc5 Rf6 43. Rec4 h6 44. Kg3 Ra1 45. Rf4 1-0

[Event "2nd Goa GM Open 2019"]
[Site "Goa"]
[Date "2019.06.21"]
[Round "5.16"]
[White "Burmakin, Vladimir"]
[Black "Rohith Krishna S"]
[Result "1/2-1/2"]
[ECO "A05"]
[WhiteElo "2526"]
[BlackElo "2347"]
[Annotator "RC"]
[PlyCount "130"]
[EventDate "2019.06.17"]
[EventType "swiss"]
[EventCountry "IND"]
[SourceTitle "playchess.com"]
[Source "ChessBase"]
[SourceQuality "1"]
[TimeControl "5400+30"]

1. Nf3 Nf6 2. g3 b6 3. Bg2 Bb7 4. O-O e6 5. c4 Be7 6. d4 O-O 7. Re1 d5 8. cxd5 exd5 9. Nc3 c5 10. b3 Nc6 11. Bb2 Re8 12. e3 Bf8 13. Rc1 Rc8 14. dxc5 Bxc5 15. a3 Bf8 16. Bh3 Rb8 17. Nb5 Ne4 18. Nfd4 Nxd4 19. Bxd4 Ng5 20. Bg2 Ne6 21. Be5 Ra8 22. b4 a5 23. Qb3 axb4 24. axb4 Ba6 25. Na3 Bb7 26. Nc2 Ng5 27. Bb2 Ne4 28. Red1 Rc8 29. Nd4 Rxc1 30. Rxc1 Qd7 31. b5 Rc8 32. Rd1 Qe7 33. Nc6 Bxc6 34. bxc6 Rxc6 35. Rxd5 Nc5 36. Qc4 Rd6 37. Bd4 Rxd5 38. Bxd5 Qd7 39. Qa2 b5 40. h4 Ne6 41. Be5 b4 42. Qc4 h6 43. Kf1 Nc5 44. e4 Qe7 45. Bb2 Ne6 46. e5 Qd7 47. Ke2 Nc5 48. Bd4 Ne6 49. Be3 Nc7 50. Bc6 Qe7 51. f4 Kh8 52. h5 f6 53. exf6 Qxf6 54. Be4 Qe7 55. Bc2 Ne8 56. Kf2 Nf6 57. Bd4 Qd8 58. Qd3 Qd5 59. Bxf6 Qxd3 60. Bxg7+ Kxg7 61. Bxd3 b3 62. Kf3 b2 63. Kg4 Bc5 64. Kf5 Bf2 65. g4 Bh4 1/2-1/2

[Event "2nd Goa GM Open 2019"]
[Site "Goa"]
[Date "2019.06.21"]
[Round "5.17"]
[White "Anurag, Mhamal"]
[Black "Pranav Vijay"]
[Result "1-0"]
[ECO "C55"]
[WhiteElo "2497"]
[BlackElo "2265"]
[Annotator "ChessBase"]
[PlyCount "89"]
[EventDate "2019.06.17"]
[EventType "swiss"]
[EventCountry "IND"]
[SourceTitle "playchess.com"]
[Source "ChessBase"]
[SourceQuality "1"]
[TimeControl "5400+30"]

1. e4 e5 2. Nf3 Nc6 3. Bc4 Nf6 4. d4 exd4 5. e5 d5 6. Bb5 Ne4 7. Nxd4 Bd7 8. Bxc6 bxc6 9. O-O Bc5 10. f3 Ng5 11. Be3 Ne6 12. c3 Bxd4 13. cxd4 f5 14. exf6 Qxf6 15. Nd2 O-O 16. Nb3 Rae8 17. Qd2 h6 18. Nc5 Bc8 19. Nxe6 Rxe6 20. Rfe1 Rfe8 21. Bf2 h5 22. Rxe6 Bxe6 23. Re1 Bf7 24. Rxe8+ Bxe8 25. h3 Qf5 26. Kh2 Bg6 27. Bg3 Qc2 28. Qg5 Kh7 29. Qe7 Qf5 30. Qxc7 Qf7 31. Qxc6 Bd3 32. b4 h4 33. Be5 Qe7 34. Qxd5 Qg5 35. Qd7 Bf5 36. Qxa7 Be6 37. b5 Bd5 38. b6 Qg6 39. Qe7 Bxf3 40. Qxg7+ Qxg7 41. Bxg7 Bh5 42. Be5 Bg6 43. b7 Bf7 44. b8=Q Bg6 45. Qh8# 1-0

[Event "2nd Goa GM Open 2019"]
[Site "Goa"]
[Date "2019.06.21"]
[Round "5.21"]
[White "Kunte, Abhijit"]
[Black "Konguvel, Ponnuswamy"]
[Result "1/2-1/2"]
[ECO "A05"]
[WhiteElo "2478"]
[BlackElo "2293"]
[Annotator "ChessBase"]
[PlyCount "76"]
[EventDate "2019.06.17"]
[EventType "swiss"]
[EventCountry "IND"]
[SourceTitle "playchess.com"]
[Source "ChessBase"]
[SourceQuality "1"]
[TimeControl "5400+30"]

1. Nf3 Nf6 2. c4 g6 3. Nc3 Bg7 4. d4 d5 5. g3 c6 6. cxd5 cxd5 7. Bg2 Ne4 8. O-O Nxc3 9. bxc3 Nc6 10. Bf4 O-O 11. Nd2 b6 12. e4 dxe4 13. Nxe4 Bb7 14. Re1 Na5 15. Rc1 Bd5 16. h4 Bxa2 17. h5 Qd7 18. hxg6 hxg6 19. Ng5 Rae8 20. Bh3 f5 21. Bg2 e6 22. Be5 Bb3 23. Qe2 Bc4 24. Qe3 Bxe5 25. dxe5 Rd8 26. Qf4 Kg7 27. Bf3 Rh8 28. Rcd1 Qe7 29. Rd6 b5 30. Ra1 Nb3 31. Rxd8 Rxd8 32. Qh4 Kg8 33. Ra6 Nc5 34. Rd6 Rc8 35. Qh6 Qg7 36. Qh4 Qe7 37. Qh6 Qg7 38. Qh4 Nd7 1/2-1/2

[Event "2nd Goa GM Open 2019"]
[Site "Goa"]
[Date "2019.06.21"]
[Round "5.22"]
[White "Rathanvel, V S"]
[Black "Vignesh N R"]
[Result "1-0"]
[ECO "B92"]
[WhiteElo "2314"]
[BlackElo "2459"]
[Annotator "RC"]
[PlyCount "81"]
[EventDate "2019.06.17"]
[EventType "swiss"]
[EventCountry "IND"]
[SourceTitle "playchess.com"]
[Source "ChessBase"]
[SourceQuality "1"]
[TimeControl "5400+30"]

1. e4 c5 2. Nf3 d6 3. d4 cxd4 4. Nxd4 Nf6 5. Nc3 a6 6. Be2 e5 7. Nb3 Be7 8. O-O O-O 9. Re1 Be6 10. Be3 Nbd7 11. a4 Rc8 12. Bf3 Qc7 13. a5 Rfd8 14. h3 h6 15. Re2 Qb8 16. Rd2 b5 17. axb6 Nxb6 18. Na5 Nc4 19. Nxc4 Rxc4 20. Nd5 Bxd5 21. exd5 Qxb2 22. Rb1 Qa3 23. Ra1 Qb4 24. Rb1 Qa4 25. Be2 Rc3 26. Ra1 Ra3 27. Rxa3 Qxa3 28. Rd3 Qa5 29. c4 Ne4 30. Bg4 Bg5 31. Bf5 Bxe3 32. Bxe4 Bd4 33. Rg3 Qa2 34. Qf3 Kf8 35. Qf5 g6 36. Qf6 Rd7 37. Rf3 Qd2 38. Qh8+ Ke7 39. Bxg6 Bxf2+ 40. Rxf2 Qe1+ 41. Rf1 1-0

[Event "2nd Goa GM Open 2019"]
[Site "Goa"]
[Date "2019.06.21"]
[Round "5.24"]
[White "Ramnathan, Balasubramaniam"]
[Black "Khusenkhojaev, Muhammad"]
[Result "0-1"]
[ECO "A05"]
[WhiteElo "2184"]
[BlackElo "2446"]
[Annotator "NA RC"]
[PlyCount "111"]
[EventDate "2019.06.17"]
[EventType "swiss"]
[EventCountry "IND"]
[SourceTitle "playchess.com"]
[Source "ChessBase"]
[SourceQuality "1"]
[TimeControl "5400+30"]

1. Nf3 Nf6 2. b3 g6 3. Bb2 Bg7 4. e3 c5 5. Be2 O-O 6. O-O d5 7. d4 Ne4 8. Qc1 cxd4 9. Bxd4 Nf6 10. c4 Nc6 11. Bb2 dxc4 12. Qxc4 Qa5 13. Nc3 Bf5 14. a3 Be6 15. Qa4 Qxa4 16. bxa4 Nd5 17. Nxd5 Bxd5 18. Bxg7 Kxg7 19. Rab1 Rab8 20. Rfd1 Rfd8 21. Kf1 e6 22. Nd2 Na5 23. Bf3 Rbc8 24. Rdc1 Ba2 25. Rxc8 Rxc8 26. Rb2 Bc4+ 27. Ke1 Ba6 28. Nb3 Nxb3 29. Rxb3 Rc2 30. Bxb7 Bc4 31. Rb4 a5 32. Kd1 Rc3 33. Rb2 Rxa3 34. Bc6 Bb3+ 35. Kc1 Bxa4 36. Bxa4 Rxa4 37. Kb1 Kf6 38. Rc2 h5 39. Rc5 h4 40. h3 g5 41. Kb2 Kg6 42. Re5 g4 43. Kb1 g3 44. f3 Kf6 45. Rh5 Ra3 46. Rxh4 Rxe3 47. Rg4 Re1+ 48. Kc2 Re2+ 49. Kd3 Rxg2 50. Ke3 Rg1 51. h4 a4 52. h5 a3 53. h6 a2 54. h7 Rh1 55. Ra4 g2 56. Kd4 {Ke5+} 0-1

[Event "2nd Goa GM Open 2019"]
[Site "Goa"]
[Date "2019.06.21"]
[Round "5.27"]
[White "Sammed Jaykumar, Shete"]
[Black "Grahesh Y"]
[Result "1-0"]
[ECO "B53"]
[WhiteElo "2431"]
[BlackElo "2063"]
[Annotator "NA"]
[PlyCount "83"]
[EventDate "2019.06.17"]
[EventType "swiss"]
[EventCountry "IND"]
[SourceTitle "playchess.com"]
[Source "ChessBase"]
[SourceQuality "1"]
[TimeControl "5400+30"]

1. e4 c5 2. Nf3 d6 3. d4 cxd4 4. Qxd4 Nc6 5. Qe3 Nf6 6. Be2 g6 7. h3 Bg7 8. O-O O-O 9. Rd1 Bd7 10. c4 Rc8 11. Nc3 Qc7 12. Rb1 a6 13. b3 Be6 14. Bb2 Qa5 15. Nd5 Qc5 16. Nxf6+ exf6 17. Qf4 Ne5 18. Nd4 Rfd8 19. Rd2 Rd7 20. Rbd1 Rcd8 21. Kh1 h5 22. Qh4 Nc6 23. Nxc6 Qxc6 24. Bf3 Qc5 25. Bxf6 Bxf6 26. Qxf6 b5 27. cxb5 axb5 28. Be2 Ra8 29. f4 Rdd8 30. Bd3 Bd7 31. f5 Be8 32. Bb1 Rdc8 33. Rxd6 Qf2 34. Qg5 Rc3 35. R6d2 Qc5 36. Qf4 Rc8 37. e5 Bc6 38. Kh2 Re3 39. Rd8+ Rxd8 40. Rxd8+ Kg7 41. f6+ Kh7 42. Rh8+ 1-0

[Event "2nd Goa GM Open 2019"]
[Site "Goa"]
[Date "2019.06.21"]
[Round "5.30"]
[White "Turov, Maxim"]
[Black "Mithil, Ajgaonkar"]
[Result "1-0"]
[ECO "B12"]
[WhiteElo "2579"]
[BlackElo "2311"]
[Annotator "RC"]
[PlyCount "73"]
[EventDate "2019.06.17"]
[EventType "swiss"]
[EventCountry "IND"]
[SourceTitle "playchess.com"]
[Source "ChessBase"]
[SourceQuality "1"]
[TimeControl "5400+30"]

1. e4 c6 2. d4 d5 3. e5 Bf5 4. Nf3 e6 5. Be2 Nd7 6. O-O Bg6 7. Nbd2 Nh6 8. Nb3 Nf5 9. c3 h5 10. Ng5 Be7 11. Nh3 h4 12. Nf4 Bh7 13. g4 hxg3 14. fxg3 Qb6 15. g4 Nh4 16. Nh5 Nxe5 17. Rf2 f6 18. Nxg7+ Kd7 19. Nh5 Raf8 20. Bh6 Rf7 21. Bf4 Neg6 22. Bg5 Rhf8 23. Qf1 f5 24. Bxe7 Kxe7 25. g5 f4 26. Bg4 Nf5 27. Qh3 e5 28. Nf6 Ne3 29. Nc5 Rh8 30. Bh5 Qd8 31. Qe6+ Kf8 32. Nxh7+ Rhxh7 33. Qxg6 Qc8 34. dxe5 Qh3 35. Ne6+ Ke7 36. Nxf4 Rxf4 37. Qd6# 1-0

[Event "2nd Goa GM Open 2019"]
[Site "Goa"]
[Date "2019.06.22"]
[Round "6.1"]
[White "Petrosyan, Manuel"]
[Black "Kostenko, Petr"]
[Result "1/2-1/2"]
[ECO "A37"]
[WhiteElo "2573"]
[BlackElo "2473"]
[Annotator "ChessBase"]
[PlyCount "138"]
[EventDate "2019.06.17"]
[EventType "swiss"]
[EventCountry "IND"]
[SourceTitle "playchess.com"]
[Source "ChessBase"]
[SourceQuality "1"]
[TimeControl "5400+30"]

1. Nf3 c5 2. c4 Nc6 3. Nc3 g6 4. g3 Bg7 5. Bg2 d6 6. d3 Bf5 7. h3 Qc8 8. Qd2 a6 9. b3 Nf6 10. Bb2 O-O 11. Nd5 Nxd5 12. Bxg7 Kxg7 13. cxd5 Na7 14. Rc1 Rb8 15. e4 Bd7 16. d4 b6 17. a4 e6 18. dxe6 Bxe6 19. d5 Bd7 20. h4 h5 21. O-O f6 22. Rfe1 Qd8 23. Bf1 a5 24. Ra1 Rf7 25. Qc3 Kh7 26. Nd2 b5 27. axb5 Nxb5 28. Bxb5 Rxb5 29. Nc4 Qb8 30. Nxa5 Rb4 31. Qe3 Bb5 32. Rac1 Ra7 33. Nc4 Bxc4 34. bxc4 Kg7 35. Rc3 Rb1 36. Rxb1 Qxb1+ 37. Rc1 Qb2 38. Qc3 Qe2 39. Qc2 Qf3 40. Rb1 Re7 41. Re1 Qa3 42. Kg2 Rb7 43. Re3 Qa1 44. Qc3 Qb1 45. Rf3 Rf7 46. Rf4 Qa2 47. g4 hxg4 48. Rxg4 Kh7 49. Qd3 Rb7 50. h5 Rb3 51. hxg6+ Kg7 52. Qd1 Rb1 53. Qf3 Qxc4 54. Qxf6+ Kxf6 55. e5+ Kxe5 56. Rxc4 Rb7 57. Kf3 Rg7 58. Rg4 Kf5 59. Rf4+ Kxg6 60. Ke3 Re7+ 61. Kd3 Rf7 62. Rg4+ Kh5 63. Re4 Kg6 64. Re6+ Rf6 65. Kc4 Kf7 66. Re2 Rf5 67. Re6 Rf6 68. Re2 Rf5 69. Re6 Rf6 1/2-1/2

[Event "2nd Goa GM Open 2019"]
[Site "Goa"]
[Date "2019.06.22"]
[Round "6.4"]
[White "Nguyen, Van Huy"]
[Black "Stupak, Kirill"]
[Result "1/2-1/2"]
[ECO "E06"]
[WhiteElo "2456"]
[BlackElo "2584"]
[Annotator "ChessBase"]
[PlyCount "64"]
[EventDate "2019.06.17"]
[EventType "swiss"]
[EventCountry "IND"]
[SourceTitle "playchess.com"]
[Source "ChessBase"]
[SourceQuality "1"]
[TimeControl "5400+30"]

1. d4 Nf6 2. c4 e6 3. Nf3 d5 4. g3 Be7 5. Bg2 O-O 6. O-O dxc4 7. Qc2 b6 8. Bg5 Nd5 9. Bxe7 Qxe7 10. Qxc4 Ba6 11. Qc2 Nd7 12. Nc3 Nxc3 13. bxc3 Rac8 14. Rfe1 c5 15. Qa4 Nb8 16. Rf1 Nd7 17. Rfe1 Nb8 18. Ne5 f6 19. Nf3 cxd4 20. cxd4 Rc4 21. Qd1 Bb7 22. e4 Rd8 23. Rc1 Rxc1 24. Qxc1 Qf7 25. Qc4 Nc6 26. Bh3 Re8 27. a3 Na5 28. Qd3 Nc6 29. Qc4 Na5 30. Qd3 Nc6 31. Qc4 Na5 32. Qd3 Nc6 1/2-1/2

[Event "2nd Goa GM Open 2019"]
[Site "Goa"]
[Date "2019.06.22"]
[Round "6.5"]
[White "Jojua, Davit"]
[Black "Sammed Jaykumar, Shete"]
[Result "1-0"]
[ECO "E69"]
[WhiteElo "2580"]
[BlackElo "2431"]
[Annotator "ChessBase"]
[PlyCount "95"]
[EventDate "2019.06.17"]
[EventType "swiss"]
[EventCountry "IND"]
[SourceTitle "playchess.com"]
[Source "ChessBase"]
[SourceQuality "1"]
[TimeControl "5400+30"]

1. d4 Nf6 2. c4 g6 3. g3 Bg7 4. Bg2 O-O 5. Nc3 d6 6. Nf3 Nbd7 7. O-O e5 8. e4 c6 9. h3 Qa5 10. Re1 exd4 11. Nxd4 Ne5 12. Bf1 Qb6 13. Kg2 a6 14. b3 c5 15. Nc2 Be6 16. Rb1 Rae8 17. Bb2 Qc7 18. f4 Nc6 19. Kh2 h5 20. Bg2 h4 21. g4 Nh7 22. Qd2 Qa5 23. Rbd1 g5 24. fxg5 Ne5 25. Ne3 Nxg5 26. Rf1 Ng6 27. Nf5 Be5+ 28. Kh1 f6 29. Na4 Qxd2 30. Rxd2 b5 31. Bxe5 fxe5 32. cxb5 axb5 33. Nc3 b4 34. Nb5 Rd8 35. Nbxd6 Rd7 36. Rfd1 Ra8 37. Rc1 Ra5 38. Rcc2 Rda7 39. Kg1 Nf4 40. Nxh4 Rh7 41. Ndf5 Bxf5 42. Nxf5 Nfxh3+ 43. Bxh3 Rxh3 44. Kg2 Rc3 45. Rd8+ Kf7 46. Rd7+ Ke8 47. Rcd2 Nxe4 48. Re7+ 1-0

[Event "2nd Goa GM Open 2019"]
[Site "Goa"]
[Date "2019.06.22"]
[Round "6.6"]
[White "Khusenkhojaev, Muhammad"]
[Black "Fier, Alexandr"]
[Result "1/2-1/2"]
[ECO "A05"]
[WhiteElo "2446"]
[BlackElo "2543"]
[Annotator "ChessBase"]
[PlyCount "62"]
[EventDate "2019.06.17"]
[EventType "swiss"]
[EventCountry "IND"]
[SourceTitle "playchess.com"]
[Source "ChessBase"]
[SourceQuality "1"]
[TimeControl "5400+30"]

1. Nf3 Nf6 2. c4 e6 3. Nc3 d5 4. cxd5 exd5 5. d4 c6 6. Bg5 h6 7. Bh4 Bf5 8. e3 Be7 9. Bd3 Bxd3 10. Qxd3 O-O 11. O-O Nbd7 12. Rab1 a5 13. Rfc1 Re8 14. Nd2 Qb8 15. Bg3 Bd6 16. Qc2 Bxg3 17. hxg3 Ng4 18. a3 Ndf6 19. Nf1 Nd7 20. b4 axb4 21. axb4 Ra3 22. Nd1 Qd6 23. b5 Rc8 24. Qb2 Raa8 25. bxc6 bxc6 26. Qc2 c5 27. dxc5 Rxc5 28. Qf5 Ngf6 29. Qf4 Qxf4 30. gxf4 Rxc1 31. Rxc1 d4 1/2-1/2

[Event "2nd Goa GM Open 2019"]
[Site "Goa"]
[Date "2019.06.22"]
[Round "6.7"]
[White "Iniyan, P."]
[Black "Viani Antonio Dcunha"]
[Result "1-0"]
[ECO "E97"]
[WhiteElo "2525"]
[BlackElo "2362"]
[Annotator "ChessBase"]
[PlyCount "73"]
[EventDate "2019.06.17"]
[EventType "swiss"]
[EventCountry "IND"]
[SourceTitle "playchess.com"]
[Source "ChessBase"]
[SourceQuality "1"]
[TimeControl "5400+30"]

1. d4 Nf6 2. c4 g6 3. Nc3 Bg7 4. e4 d6 5. Nf3 O-O 6. Be2 e5 7. O-O Nc6 8. d5 Ne7 9. b4 Nh5 10. Re1 Nf4 11. Bf1 a5 12. bxa5 c5 13. a4 Rxa5 14. Ra3 h6 15. g3 Nh3+ 16. Kg2 f5 17. exf5 Nxf5 18. Ne4 Qd7 19. Be2 g5 20. g4 Ne7 21. Nxe5 Bxe5 22. Rxh3 Bg7 23. Qd3 Rf7 24. Bxg5 Ng6 25. Bd2 Nf4+ 26. Bxf4 Rxf4 27. Bd1 Ra6 28. Rhe3 Qf7 29. f3 Bf8 30. Ng3 Bd7 31. Re4 Rxe4 32. Rxe4 Bxa4 33. Bxa4 Rxa4 34. Qe2 Qf6 35. Re8 Qf7 36. Nf5 Kh7 37. Qe6 1-0

[Event "2nd Goa GM Open 2019"]
[Site "Goa"]
[Date "2019.06.22"]
[Round "6.8"]
[White "Rahul Srivatshav P"]
[Black "Malakhatko, Vadim"]
[Result "1-0"]
[ECO "A09"]
[WhiteElo "2395"]
[BlackElo "2505"]
[Annotator "ChessBase"]
[PlyCount "61"]
[EventDate "2019.06.17"]
[EventType "swiss"]
[EventCountry "IND"]
[SourceTitle "playchess.com"]
[Source "ChessBase"]
[SourceQuality "1"]
[TimeControl "5400+30"]

1. Nf3 d5 2. c4 dxc4 3. e3 Nf6 4. Bxc4 e6 5. O-O c5 6. Qe2 a6 7. Rd1 Nbd7 8. d4 Qc7 9. a4 Bd6 10. Nc3 O-O 11. h3 h6 12. dxc5 Bxc5 13. e4 Rd8 14. e5 Nh7 15. Ne4 b6 16. Bf4 Bb7 17. Rac1 Bc6 18. b3 Qb7 19. Nd6 Bxd6 20. Rxd6 Nc5 21. b4 Bxf3 22. gxf3 Nxa4 23. Bxa6 Qe7 24. Bb5 Qh4 25. Qd2 Rf8 26. Kg2 f6 27. Rc7 Kh8 28. Rdd7 Qh5 29. Bxh6 Qg6+ 30. Kh2 gxh6 31. Rxh7+ 1-0

[Event "2nd Goa GM Open 2019"]
[Site "Goa"]
[Date "2019.06.22"]
[Round "6.9"]
[White "Sankalp Gupta"]
[Black "Anurag, Mhamal"]
[Result "1-0"]
[ECO "B35"]
[WhiteElo "2359"]
[BlackElo "2497"]
[Annotator "ChessBase"]
[PlyCount "75"]
[EventDate "2019.06.17"]
[EventType "swiss"]
[EventCountry "IND"]
[SourceTitle "playchess.com"]
[Source "ChessBase"]
[SourceQuality "1"]
[TimeControl "5400+30"]

1. e4 c5 2. Nf3 Nc6 3. Nc3 g6 4. d4 cxd4 5. Nxd4 Bg7 6. Be3 Nf6 7. Bc4 Qa5 8. O-O O-O 9. Bb3 d6 10. h3 Nxd4 11. Bxd4 Be6 12. Nd5 Bxd5 13. exd5 Nh5 14. Re1 Rfe8 15. Re3 Rac8 16. Bxg7 Nxg7 17. g4 Qc7 18. Qe2 Qd7 19. Re1 e5 20. dxe6 fxe6 21. c3 d5 22. Qd3 b5 23. h4 Rf8 24. h5 Qf7 25. R1e2 gxh5 26. Bc2 Qg6 27. Qxb5 Nf5 28. f3 hxg4 29. Rxe6 Qg5 30. f4 Qxf4 31. Qxd5 Kg7 32. R6e4 Qc1+ 33. Re1 Qg5 34. Re7+ Qxe7 35. Rxe7+ Nxe7 36. Qe5+ Kf7 37. Bb3+ Ke8 38. Be6 1-0

[Event "2nd Goa GM Open 2019"]
[Site "Goa"]
[Date "2019.06.22"]
[Round "6.10"]
[White "Venkatesh, M.R."]
[Black "Mitrabha, Guha"]
[Result "1/2-1/2"]
[ECO "A07"]
[WhiteElo "2490"]
[BlackElo "2341"]
[Annotator "ChessBase"]
[PlyCount "60"]
[EventDate "2019.06.17"]
[EventType "swiss"]
[EventCountry "IND"]
[SourceTitle "playchess.com"]
[Source "ChessBase"]
[SourceQuality "1"]
[TimeControl "5400+30"]

1. Nf3 Nf6 2. g3 d5 3. Bg2 c6 4. O-O Bg4 5. d3 Nbd7 6. Nbd2 e5 7. e4 Bd6 8. h3 Bh5 9. Qe1 O-O 10. Nh4 dxe4 11. dxe4 Nc5 12. Nb3 Ne6 13. Be3 Re8 14. Nf5 Bf8 15. f3 Nd7 16. Qf2 b6 17. Rfd1 Qc7 18. Bf1 a5 19. a4 Nec5 20. Nd2 Bg6 21. Nh4 Rab8 22. Nc4 Ne6 23. Nxg6 hxg6 24. h4 Bc5 25. c3 Red8 26. Bh3 Nef8 27. Bf1 Ne6 28. Bh3 Nef8 29. Bf1 Ne6 30. Bh3 Nef8 1/2-1/2